[Event "Early-Titled-Tuesday-Blitz-January-23-2024"]
[Site "Chess.com"]
[Date "2024.01.23"]
[Round "8"]
[White "ExchangeAB"]
[Black "NovakRatko"]
[Result "1/2-1/2"]
[WhiteElo "2425"]
[BlackElo "2343"]
[TimeControl "180+1"]
[EndTime "9:28:18 PST"]
[Termination "Game drawn by repetition"]

1. d4 d5 2. Nf3 c5 3. c3 cxd4 4. cxd4 Nc6 5. Nc3 f6 6. Bf4 Bg4 7. Qa4 e5 8. dxe5 Bxf3 9. gxf3 fxe5 10. Bxe5 d4 11. O-O-O Bc5 12. Ne4 Qe7 13. Bg3 Nf6 14. Nxc5 Qxc5+ 15. Kb1 O-O 16. Bh3 Rfe8 17. Qb3+ Kh8 18.
Rc1 Qg5 19. Qxb7 Ne7 20. Rhg1 Qh5 21. Bd7 Nxd7 22. Qxd7 Rad8 23. Qg4 Qf7 24. Be5 Ng6 25. f4 Nxe5 26. fxe5 Rxe5 27. Rc8 Rxc8 28. Qxc8+ Re8 29. Qg4 h6 30. a3 a5 31. Ka1 Re7 32. Qxd4 Rxe2 33.
f4 Rxh2 34. f5 Qf6 35. Qxf6 gxf6 36. Rg6 Kh7 37. Rxf6 Rf2 38. Rf7+ Kg8 39. Rf6 Kh7 40. Kb1 h5 41. Rf7+ Kg8 42. Rf6 Kg7 43. Rg6+ Kh7 44.
Rg5 Kh6 45. Rg6+ Kh7 46. Rg5 Kh6 47. Rg6+ Kh7 1/2-1/2

[Event "Early-Titled-Tuesday-Blitz-January-23-2024"]
[Site "Chess.com"]
[Date "2024.01.23"]
[Round "8"]
[White "Viktor_Poddubnyi"]
[Black "NewYearGirl"]
[Result "0-1"]
[WhiteElo "2245"]
[BlackElo "2372"]
[TimeControl "180+1"]
[EndTime "9:28:18 PST"]
[Termination "NewYearGirl won on time"]

1. e4 c5 2. Nf3 d6 3. d4 cxd4 4. Nxd4 Nf6 5. Nc3 g6 6. Be3 Bg7 7. f3 O-O 8. Qd2 Nc6 9. O-O-O d5 10. Qe1 e5 11. Nxc6 bxc6 12. exd5 Nxd5 13. h4 Qa5 14. Nxd5 Qxa2 15. Nc3 Qa1+ 16. Nb1 Rb8 17. Qc3 e4 18.
Bd4 Bh6+ 19. Rd2 Rd8 20. Bc4 c5 21. b3 Bxd2+ 22. Kxd2 Rxd4+ 23. Ke2 exf3+ 24. gxf3 Qa2 25. Nd2 Bf5 26. Ne4 Bxe4 27. fxe4 Rxe4+ 28. Kf3 Rxc4 29. Qxc4 Qb2 30. Re1 Qf6+ 31. Kg3 Qd6+ 32. Kg2 Qd2+ 33. Re2 Qd6 34. Rf2 Rb7 35. Qe4 Re7 36. Qf3 Kg7 37. h5 f5 38. hxg6 Qxg6+ 39. Kf1 Qe6 40. Rg2+ Kf8 41.
Qa8+ Re8 0-1

[Event "Early-Titled-Tuesday-Blitz-January-23-2024"]
[Site "Chess.com"]
[Date "2024.01.23"]
[Round "8"]
[White "Jumbo"]
[Black "TregubovP"]
[Result "1-0"]
[WhiteElo "2960"]
[BlackElo "2671"]
[TimeControl "180+1"]
[EndTime "9:28:20 PST"]
[Termination "Jumbo won by resignation"]

1. d4 Nf6 2. Nf3 e6 3. Bf4 b6 4. e3 Bb7 5. h3 d5 6. c4 Bd6 7.
Bxd6 Qxd6 8. Nc3 O-O 9. Rc1 c5 10. cxd5 exd5 11. Be2 Nbd7 12. O-O a6 13. dxc5 bxc5 14.
Qd2 Nb6 15. Rfd1 Rfd8 16. Qc2 Rac8 17. Qf5 Qe6 18. Qf4 h6 19. Ne5 Re8 20. Ng4 Nfd7 21.
Bf3 Bc6 22. h4 f5 23. Nh2 Nf6 24. b4 c4 25. Nf1 Ne4 26. Bxe4 fxe4 27. Ne2 Ba4 28. Re1 Nd7 29. Nd4 Qg6 30. Rc3 Ne5 31. Qg3 Qxg3 32. Nxg3 Nd3 33. Rb1 Rb8 34. a3 Rb6 35.
Ra1 a5 36. b5 Bxb5 37. Rb1 Reb8 38. Ngf5 Ba4 39. Rxb6 Rxb6 40. Ne7+ Kf7 41. Nxd5 Rb1+ 42. Kh2 Nxf2 43. Rxc4 h5 44. Rxa4 Ng4+ 45. Kg3 Rd1 46. Rxa5 1-0

[Event "Early-Titled-Tuesday-Blitz-January-23-2024"]
[Site "Chess.com"]
[Date "2024.01.23"]
[Round "8"]
[White "ChessSwole"]
[Black "EvgenyBurmakin"]
[Result "1-0"]
[WhiteElo "2621"]
[BlackElo "2443"]
[TimeControl "180+1"]
[EndTime "9:28:20 PST"]
[Termination "ChessSwole won on time"]

1. e4 c5 2. Nf3 d6 3. d4 cxd4 4.
Nxd4 Nf6 5. Nc3 a6 6. Qe2 e5 7.
Nf5 Nc6 8. Bg5 Bxf5 9. exf5 Nd4 10. Qd3 d5 11. f4 Qd6 12. O-O-O Nc6 13. Bxf6 gxf6 14.
Qxd5 Qxd5 15. Nxd5 O-O-O 16. Nxf6 Bh6 17. Bc4 Bxf4+ 18.
Kb1 Kb8 19. c3 Ne7 20. g4 Kc7 21. h3 Nc6 22. Bxf7 Rhf8 23. Nd5+ Kb8 24. Be6 Bg3 25. Nb6 Kc7 26. Nd5+ Kb8 27. a4 a5 28. Kc2 e4 29.
Rhg1 Bf2 30. Rg2 e3 31. Kd3 Ne5+ 32. Ke2 Nc4 33. b3 Nd6 34. Nb6 Ne4 35. Nd7+ Kc7 36. Nxf8 Nxc3+ 37. Kf3 Rxd1 38. Bc4 Nb1 39. Ne6+ Kd6 40.
f6 Nd2+ 41. Ke2 Re1+ 42. Kd3 Nf3 43. Ke4 1-0

[Event "Early-Titled-Tuesday-Blitz-January-23-2024"]
[Site "Chess.com"]
[Date "2024.01.23"]
[Round "8"]
[White "Korchmar_Vasiliy"]
[Black "Binary010"]
[Result "1/2-1/2"]
[WhiteElo "2729"]
[BlackElo "2886"]
[TimeControl "180+1"]
[EndTime "9:28:21 PST"]
[Termination "Game drawn by repetition"]

1. e4 c5 2. d4 cxd4 3. Qxd4 Nc6 4. Qd3 g6 5. Nc3 Bg7 6. Nf3 d6 7. Be2 Nf6 8. O-O O-O 9. Nd5 e6 10. Nxf6+ Bxf6 11. c3 d5 12. Bh6 Re8 13. Rad1 Qc7 14.
Rfe1 dxe4 15. Qxe4 e5 16. Ng5 Bf5 17. Qh4 e4 18.
Bc4 Ne5 19. Bd5 Ng4 20. Bb3 e3 21. fxe3 Nxh6 22. Qxh6 Bxg5 23. Qxg5 Rad8 24. Qf6 Rxd1 25. Rxd1 Qe7 26. Qxe7 Rxe7 27. Kf2 Be4 28. g4 Kg7 29. g5 h6 30. h4 hxg5 31. hxg5 f6 32. gxf6+ Kxf6 33. Kg3 Ke5 34. Rd8 b6 35. Kg4 Kf6 36.
Rd6+ Ke5 37. Rd8 Kf6 38. Rf8+ Ke5 39. Kg5 Bf5 40. Rd8 Ke4 41. Bc2+ Ke5 42. Bb3 Ke4 43. Bc2+ Ke5 44. Bb3 1/2-1/2

[Event "Early-Titled-Tuesday-Blitz-January-23-2024"]
[Site "Chess.com"]
[Date "2024.01.23"]
[Round "8"]
[White "colegiodemadrid"]
[Black "BardArtem"]
[Result "0-1"]
[WhiteElo "2503"]
[BlackElo "2824"]
[TimeControl "180+1"]
[EndTime "9:28:21 PST"]
[Termination "BardArtem won by resignation"]

1. Nf3 d5 2. c4 e6 3. g3 Nf6 4.
Bg2 Nbd7 5. O-O c6 6. d3 e5 7. Nc3 d4 8. Nb1 Bd6 9. h3 O-O 10. e4 dxe3 11. Bxe3 Re8 12. d4 exd4 13. Nxd4 Ne5 14.
Qc2 Qe7 15. Nd2 Rd8 16. N2b3 a5 17. c5 Bc7 18. a4 Be6 19. Rfe1 Bd5 20. Bf4 Bxg2 21. Kxg2 Rd5 22. Nf5 Qd7 23. Ne3 Rd3 24. Rad1 Rd8 25. Nc1 Rxd1 26. Rxd1 Qe8 27. Nb3 h6 28. h4 Rxd1 29. Qxd1 Qd7 30. Qd4 Qxd4 31. Nxd4 Nh5 32. Bxe5 Bxe5 33. Nec2 Nf6 34. b3 Ne4 35. Nf3 Bf6 36. b4 axb4 37. Nxb4 Nxc5 38. a5 Bc3 39. a6 Nxa6 40. Nxa6 bxa6 41. Kf1 c5 42. Ke2 c4 43.
Kd1 a5 44. Kc2 Bf6 45. Nd2 c3 46. Nc4 a4 47. Nb6 a3 48. Kb3 c2 49. Kxc2 a2 0-1

[Event "Early-Titled-Tuesday-Blitz-January-23-2024"]
[Site "Chess.com"]
[Date "2024.01.23"]
[Round "8"]
[White "PattyCastillo"]
[Black "Ezov"]
[Result "0-1"]
[WhiteElo "1954"]
[BlackElo "2213"]
[TimeControl "180+1"]
[EndTime "9:28:21 PST"]
[Termination "Ezov won on time"]

1. d4 d5 2. Nf3 c5 3. e3 Nc6 4. b3 Qb6 5. dxc5 Qxc5 6. Bb2 f6 7.
Bd3 e5 8. e4 d4 9. O-O Bg4 10.
Ba3 Qb6 11. Bxf8 Kxf8 12. Nbd2 Nge7 13. h3 Bh5 14. Nc4 Qc5 15. g4 Bg6 16. a3 Nd8 17. b4 Qc7 18. Qb1 h5 19. Nfd2 hxg4 20. hxg4 Ne6 21.
Nb3 Nf4 22. Rd1 Rh4 23. f3 Kf7 24. Nc5 Rah8 25. Bf1 Rh2 26. Rd2 Rh1+ 27. Kf2 b5 28.
Na5 Qb6 29. Qb3+ Ke8 30. Nab7 Bf7 31. Qb2 R8h2+ 32. Ke1 Ng2+ 33. Rxg2 Rxg2 34. Rd1 Rgg1 35. Kd2 Rxf1 36. Rxf1 Rxf1 37. Ke2 Rh1 38. Kf2 Ng6 39.
c3 Nf4 0-1

[Event "Early-Titled-Tuesday-Blitz-January-23-2024"]
[Site "Chess.com"]
[Date "2024.01.23"]
[Round "8"]
[White "Kapitan_Bayan"]
[Black "Manukyan_Artak"]
[Result "0-1"]
[WhiteElo "2335"]
[BlackElo "2504"]
[TimeControl "180+1"]
[EndTime "9:28:22 PST"]
[Termination "Manukyan_Artak won by resignation"]

1. e4 c6 2. d4 d5 3. e5 Bf5 4. h4 h5 5. Bd3 Bxd3 6. Qxd3 Qa5+ 7. b4 Qxb4+ 8. Nd2 Qb5 9. Qf3 e6 10. Ne2 Nh6 11. a4 Qa6 12. Qxh5 g6 13. Qf3 Nf5 14.
g3 Nd7 15. c3 c5 16. O-O Rc8 17. Ba3 cxd4 18. cxd4 Bxa3 19. Rxa3 Rc2 20. Rd1 Kf8 21. Qd3 Qxd3 22. Rxd3 Kg7 23. Nc3 Nxd4 24. Nxd5 Nc6 25. Ne3 Ndxe5 26. Rb3 Rxd2 27. Rxd2 Nf3+ 28. Kg2 Nxd2 29.
Rxb7 Ne4 30. Rc7 Ne5 31. Rxa7 Nd6 32. a5 Nec4 33. a6 Nxe3+ 34. fxe3 Rb8 35. Rd7 Rb2+ 36.
Kf3 Nf5 37. a7 Ra2 38. e4 Ra3+ 39. Kf4 Nxg3 40. a8=Q Nh5+ 41. Kg5 Rxa8 42. e5 Ra5 43. Rd4 Rxe5+ 44. Kg4 Rf5 45. Re4 e5 46. Kh3 f6 0-1

[Event "Early-Titled-Tuesday-Blitz-January-23-2024"]
[Site "Chess.com"]
[Date "2024.01.23"]
[Round "8"]
[White "Mistango"]
[Black "Yeritsyaan"]
[Result "0-1"]
[WhiteElo "2518"]
[BlackElo "2655"]
[TimeControl "180+1"]
[EndTime "9:28:24 PST"]
[Termination "Yeritsyaan won by resignation"]

1. e4 e6 2. d4 d5 3. Nc3 a6 4.
Bd3 c5 5. Nf3 cxd4 6. Nxd4 e5 7.
Nb3 d4 8. Nd5 Be6 9. O-O Nf6 10.
Bg5 Bxd5 11. exd5 Qxd5 12. Re1 Nbd7 13. f4 e4 14. Qf3 e3 15. Qxd5 Nxd5 16. Nxd4 Bc5 17. c3 h6 18. Bh4 O-O 19. Bg3 Rfe8 20. Re2 N7f6 21. Rae1 Nh5 22. Rf1 Bxd4 23. cxd4 Rad8 24.
Bc4 Nb6 25. Bb3 Rxd4 26. Rfe1 Nxf4 27. Bxf4 Rxf4 28. Rxe3 Rxe3 29. Rxe3 Kf8 30. Rc3 Re4 31. Rf3 Re7 32. Kf2 Nd7 33. Rc3 Nb6 34. a4 Re5 35.
Rc7 Re7 36. Rc3 Rd7 37. a5 Nd5 38. Rc5 Nf6 39. Rc8+ Ke7 40. Rc5 Ne4+ 41. Ke3 Nxc5 42. Bc2 Ne6 43. Be4 Nd4 44. b4 Nc6 0-1

[Event "Early-Titled-Tuesday-Blitz-January-23-2024"]
[Site "Chess.com"]
[Date "2024.01.23"]
[Round "8"]
[White "shimastream"]
[Black "GMAkobianSTL"]
[Result "1-0"]
[WhiteElo "3016"]
[BlackElo "2755"]
[TimeControl "180+1"]
[EndTime "9:28:26 PST"]
[Termination "shimastream won on time"]

1. Nf3 Nf6 2. g3 b6 3. Bg2 Bb7 4. d3 e6 5. e4 c5 6. O-O d5 7. exd5 Nxd5 8. Qe2 Be7 9. Rd1 Nc6 10. d4 cxd4 11.
Nxd4 Nxd4 12. Rxd4 Qc7 13. c4 O-O 14. Na3 Nf6 15. Nb5 Qc8 16. Bf4 Bxg2 17. Kxg2 a6 18. Nc3 Rd8 19. Rad1 Rxd4 20. Rxd4 h6 21. Qf3 Ra7 22.
b3 Rd7 23. Rxd7 Nxd7 24. h4 Kf8 25. h5 Nf6 26. Be5 Nd7 27. Bf4 Nf6 28. Ne4 Nxe4 29. Qxe4 a5 30. Be5 Bc5 31. Qf3 Kg8 32. Qg4 Qc6+ 33. f3 Bf8 34. Qe4 Qd7 35. Qd4 Qc8 36.
g4 a4 37. Qxb6 a3 38. Qd4 Qa8 39. Bf4 Qa5 40. Bd2 Qa8 41. Bc3 Qc6 42. Qd8 Qc5 43.
Qd3 Qc8 44. b4 Qa8 45. c5 Qa4 46. Be1 Qc6 47. Qc4 Be7 48. Bf2 Qa4 49. c6 1-0

[Event "Early-Titled-Tuesday-Blitz-January-23-2024"]
[Site "Chess.com"]
[Date "2024.01.23"]
[Round "8"]
[White "Zhigalko_Sergei"]
[Black "Mops_2004"]
[Result "1-0"]
[WhiteElo "2978"]
[BlackElo "2853"]
[TimeControl "180+1"]
[EndTime "9:28:27 PST"]
[Termination "Zhigalko_Sergei won on time"]

1. e4 c6 2. d4 d5 3. e5 Bf5 4. Nf3 e6 5. Be2 Nd7 6. O-O a5 7.
Nbd2 a4 8. Re1 a3 9. c4 h6 10. c5 axb2 11. Bxb2 b6 12. cxb6 Qxb6 13. Bc3 c5 14. a4 c4 15. a5 Qc7 16. Nxc4 dxc4 17.
d5 Bc5 18. d6 Qc8 19. Nd4 Bxd4 20. Qxd4 h5 21. Bxc4 Nh6 22. a6 O-O 23. a7 Nb6 24.
Be2 Nd5 25. Bd2 Bg6 26. Bxh6 gxh6 27. Bf3 Qb7 28. Rec1 Rfc8 29. Rxc8+ Rxc8 30. h3 Ra8 31. Qc5 Qb2 32. Ra6 Bd3 33. Rc6 Qa1+ 34. Kh2 Qxe5+ 35. g3 Kh7 36. d7 h4 37. Rc8 hxg3+ 38. fxg3 Qb2+ 39.
Bg2 Be4 40. Qg1 Ne3 41. d8=Q Rxc8 42. Qxc8 Nxg2 43. Qb8 1-0

[Event "Early-Titled-Tuesday-Blitz-January-23-2024"]
[Site "Chess.com"]
[Date "2024.01.23"]
[Round "8"]
[White "RantomOpening"]
[Black "Tejas_Rama"]
[Result "0-1"]
[WhiteElo "2518"]
[BlackElo "2648"]
[TimeControl "180+1"]
[EndTime "9:28:27 PST"]
[Termination "Tejas_Rama won by checkmate"]

1. c4 Nf6 2. Nf3 e6 3. Nc3 d5 4. e3 Bd6 5. b3 O-O 6. Bb2 b6 7. d4 Bb7 8. Be2 c5 9. cxd5 Nxd5 10.
Nxd5 Bxd5 11. O-O Nd7 12. Rc1 Rc8 13. Ba6 Rc7 14. Qe2 Nf6 15. Rfd1 cxd4 16. Nxd4 Rxc1 17. Rxc1 Qa8 18. f3 Bb7 19. Bd3 Rc8 20. Rd1 Qb8 21.
Bc4 Bxh2+ 22. Kf1 Nh5 23. Qd3 Rd8 24. Qc3 Qg3 25. Rd2 e5 26. Ne2 Qh4 27. Rxd8+ Qxd8 28. Bd3 Ng3+ 29. Nxg3 Bxg3 30. f4 Qh4 31. Ke2 Qg4+ 32. Kd2 Bh4 33. Qxe5 Qxg2+ 34. Be2 h6 35. Qb8+ Kh7 36. f5 Qd5+ 37. Bd3 Qg2+ 38. Kc3 Qc6+ 39. Kd2 Qg2+ 40. Kc1 Bg5 41. f6+ g6 42. Qe8 Qg1+ 43. Kc2 Qf2+ 44. Kc3 Bxf6+ 45. Kb4 Bxb2 46. Bc4 Qd2+ 47.
Ka4 Qa5# 0-1

[Event "Early-Titled-Tuesday-Blitz-January-23-2024"]
[Site "Chess.com"]
[Date "2024.01.23"]
[Round "8"]
[White "RodokininEV"]
[Black "Shuvalov"]
[Result "0-1"]
[WhiteElo "2605"]
[BlackElo "2489"]
[TimeControl "180+1"]
[EndTime "9:28:27 PST"]
[Termination "Shuvalov won on time"]

1. e4 e6 2. d3 d5 3. Nd2 c5 4. Ngf3 Nc6 5. g3 Nf6 6. Bg2 Be7 7. O-O O-O 8. Re1 b5 9. e5 Nd7 10. Nf1 a5 11. h4 a4 12. Bf4 a3 13. b3 b4 14. Ne3 Ra6 15. Ng4 Bb7 16. Qd2 Na7 17. h5 h6 18. Bxh6 gxh6 19. Nxh6+ Kg7 20. Ng4 Rh8 21. h6+ Kf8 22. Qf4 Nb5 23. Bh3 d4 24. Re4 Nc3 25. Ree1 Bd5 26. Bf1 Rh7 27. Bg2 Qa8 28. Nf6 Bxf6 29. exf6 Qd8 30. Ng5 Rh8 31. Bxd5 Nxd5 32. Qh4 Qxf6 33. h7 Ke7 34. Re4 Ne5 35. Rae1 Ng6 36. Qh6 Nc7 37. f4 Rd6 38. f5 Nf8 39.
Qh4 Kd7 40. Qh5 Ke7 41. Qh4 Nxh7 42. fxe6 fxe6 43. Qg4 Nxg5 0-1

[Event "Early-Titled-Tuesday-Blitz-January-23-2024"]
[Site "Chess.com"]
[Date "2024.01.23"]
[Round "8"]
[White "ChainedDowntohell"]
[Black "suspiciumchess"]
[Result "1-0"]
[WhiteElo "2593"]
[BlackElo "2433"]
[TimeControl "180+1"]
[EndTime "9:28:28 PST"]
[Termination "ChainedDowntohell won by resignation"]

1. d4 d5 2. c4 c6 3. Nf3 Nf6 4. Bf4 dxc4 5. a4 Bf5 6. e3 e6 7.
Bxc4 Bb4+ 8. Nc3 Nbd7 9. O-O O-O 10. Qe2 Bg6 11. h3 Qa5 12. Rfc1 Rac8 13. Nd2 Nd5 14.
Nxd5 cxd5 15. Nb3 Qb6 16. Bb5 Nf6 17. a5 Qd8 18. Rxc8 Qxc8 19. Rc1 Qa8 20. a6 Rc8 21.
Qd1 h6 22. f3 bxa6 23. Bxa6 Rc6 24. Bb5 Rxc1 25. Qxc1 Qb7 26. Qc6 Qxc6 27. Bxc6 Bd3 28. Bb8 Bc4 29. Nc5 a5 30. b3 Be2 31. Kf2 Bd1 32. Nd3 Bd2 33. Ba4 g5 34. Bc7 h5 35.
Nc5 g4 36. hxg4 hxg4 37. Nb7 gxf3 38. gxf3 Kg7 39. Bxa5 Kg6 40. Bxd2 1-0

[Event "Early-Titled-Tuesday-Blitz-January-23-2024"]
[Site "Chess.com"]
[Date "2024.01.23"]
[Round "8"]
[White "kai_nov"]
[Black "Licancabur"]
[Result "0-1"]
[WhiteElo "2291"]
[BlackElo "2464"]
[TimeControl "180+1"]
[EndTime "9:28:30 PST"]
[Termination "Licancabur won by checkmate"]

1. d4 d5 2. Nc3 Nf6 3. Bg5 e6 4. e4 Bb4 5. e5 h6 6. Bc1 Ne4 7. Qg4 g6 8. Ne2 c5 9. a3 Ba5 10. dxc5 Bxc3+ 11. Nxc3 Nxc3 12. bxc3 Nc6 13. Bb5 Bd7 14.
Bxc6 Bxc6 15. O-O Qe7 16. Qd4 O-O-O 17. a4 g5 18. a5 a6 19. Rb1 Rd7 20. Rb6 Rc7 21.
Ba3 Rg8 22. Rfb1 Qe8 23. Qd3 Rg6 24. c4 dxc4 25. Qxc4 g4 26. Rd1 h5 27. Rd6 h4 28.
Qf4 g3 29. fxg3 hxg3 30. h3 Rg8 31. Qd4 Rg6 32. Qf4 Rg8 33. c4 Rg6 34. Bb2 Rg8 35.
Bd4 Rg6 36. Rb3 Rg8 37. Rxg3 Rh8 38. Rb3 Rg8 39. Rb6 Rxg2+ 40. Kf1 Qg8 41. Bf2 Rg6 42. Qe3 Rg2 43. Qb3 Rh2 44. Rdxc6 Qg2+ 45. Ke1 Qxf2+ 46. Kd1 Rh1# 0-1

[Event "Early-Titled-Tuesday-Blitz-January-23-2024"]
[Site "Chess.com"]
[Date "2024.01.23"]
[Round "8"]
[White "brm72"]
[Black "anasta10"]
[Result "1-0"]
[WhiteElo "2691"]
[BlackElo "2517"]
[TimeControl "180+1"]
[EndTime "9:28:31 PST"]
[Termination "brm72 won by resignation"]

1. e4 g6 2. d4 Bg7 3. Nc3 a6 4. Be3 b5 5. a4 b4 6. Nce2 Bb7 7. Ng3 d6 8. Qd2 a5 9. h4 h5 10. Nh3 Nd7 11. Ng5 Nb6 12. Bb5+ c6 13. Bd3 Nf6 14. O-O Ng4 15. f4 Nxe3 16. Qxe3 c5 17. c3 cxd4 18. cxd4 O-O 19. f5 Qd7 20. fxg6 fxg6 21. e5 dxe5 22. dxe5 Rad8 23. Bxg6 Rxf1+ 24. Rxf1 Qd4 25. Qxd4 Rxd4 26.
Nf5 Rd7 27. e6 Rc7 28. Bf7+ Kh8 29. Nxg7 Kxg7 30. Bxh5 Nd5 31. Rf7+ Kg8 32. Bg6 Nf6 33. h5 Rc4 34. h6 Rg4 35. h7+ Nxh7 36. Bxh7+ Kh8 37.
Nf3 Bxf3 38. Rxf3 Kxh7 39. Rf7+ Kg6 40. Rxe7 Kf6 41. Ra7 Kxe6 42. Rxa5 Rc4 43. Rb5 Kd6 44. b3 Rc1+ 45. Kh2 Rc3 46. Rxb4 Kc5 47. Rb5+ Kc6 48.
g3 Re3 49. Kh3 Re1 50. Kh4 Rh1+ 51. Kg5 Kd6 52. g4 Ke6 53. Kg6 1-0

[Event "Early-Titled-Tuesday-Blitz-January-23-2024"]
[Site "Chess.com"]
[Date "2024.01.23"]
[Round "8"]
[White "Smile2005"]
[Black "chess123456s"]
[Result "0-1"]
[WhiteElo "2398"]
[BlackElo "2544"]
[TimeControl "180+1"]
[EndTime "9:28:31 PST"]
[Termination "chess123456s won by checkmate"]

1. e4 e5 2. Nf3 Nc6 3. Nc3 Nf6 4. Bb5 Bd6 5. O-O O-O 6. d3 h6 7. a3 Re8 8. Bxc6 dxc6 9. h3 Be6 10. Nh2 Nd7 11. f4 exf4 12. Bxf4 Bxf4 13. Rxf4 Ne5 14.
Rf2 c5 15. Nf3 Ng6 16. Qd2 c6 17. Raf1 Qc7 18. Ne2 Rad8 19. Qc3 b6 20. Nd2 Qe5 21. Qxe5 Nxe5 22. Nf4 Bc8 23. Nf3 Nd7 24. g4 Ba6 25. Nh5 c4 26. dxc4 Bxc4 27. Re1 Nc5 28. e5 Bd5 29.
Nh4 Ne4 30. Rfe2 Ng5 31. Kh2 Bc4 32. Rf2 Rd5 33. Nf5 Rdxe5 34. Rxe5 Rxe5 35. Nhxg7 Re1 36. Nh5 Ne4 37. Nxh6+ Kh7 38. Nf6+ Kxh6 39. Nxe4 Rxe4 40. Rf6+ Kg7 41. Rxc6 Re2+ 42. Kg3 Rxc2 43. b4 Rg2+ 44. Kxg2 Bd5+ 45. Kg3 Bxc6 46. Kf4 Kf6 47. h4 Kg6 48. Ke5 Bf3 49. Kf4 Bd1 50. Kg3 b5 51. Kf4 Bc2 52.
Kg3 f5 53. gxf5+ Kxf5 54. Kf3 Bd1+ 55. Ke3 Kg4 56. Kd4 Kxh4 57. Kc5 Be2 58. Kc6 Kg4 59. Kb7 Bd1 60. Kxa7 Ba4 61. Kb6 Kf4 62. Kc5 Ke4 63. Kd6 Kd3 64. Ke5 Kc3 65. Ke4 Kb3 66. Kd3 Kxa3 67. Kc3 Bb3 68. Kd2 Kxb4 69. Kc1 Kc3 70. Kb1 Bc4 71. Ka1 b4 72. Kb1 b3 73. Kc1 Bd3 74. Kd1 b2 75. Ke1 b1=Q+ 76. Kf2 Qf1+ 77. Kg3 Qe2 78. Kh4 Qg2 79. Kh5 Be2+ 80. Kh4 Qg4# 0-1

[Event "Early-Titled-Tuesday-Blitz-January-23-2024"]
[Site "Chess.com"]
[Date "2024.01.23"]
[Round "8"]
[White "ErikRonka"]
[Black "salomez"]
[Result "1-0"]
[WhiteElo "2493"]
[BlackElo "2310"]
[TimeControl "180+1"]
[EndTime "9:28:31 PST"]
[Termination "ErikRonka won on time"]

1. e4 c5 2. Nf3 e6 3. g3 d5 4.
exd5 exd5 5. Bg2 Nf6 6. O-O Be7 7. d4 O-O 8. h3 Nc6 9. Nc3 h6 10. Re1 Be6 11. dxc5 Bxc5 12. a3 Rc8 13. b4 Nxb4 14.
axb4 Bxb4 15. Ne2 Bxe1 16. Nxe1 a6 17. Bb2 Ne4 18. Nd3 Qc7 19. Nd4 Nc3 20. Qf3 Rfe8 21. Kh2 Qc4 22. Nf5 Rcd8 23. Re1 Bxf5 24. Rxe8+ Rxe8 25. Qxf5 a5 26. Ne5 Rxe5 27. Qxe5 d4 28. Bxb7 a4 29. Bxc3 dxc3 30. Qe8+ Kh7 31. Qe4+ Qxe4 32.
Bxe4+ g6 33. Bd5 Kg7 34. Kg2 Kf6 35. f4 Ke7 36. Kf3 f5 37. Ke3 Kd6 38. Ba2 Kc5 39. Kd3 Kb4 40. Bg8 g5 41. h4 gxf4 42. gxf4 h5 43. Bf7 Ka3 44. Be6 Kb2 45. Bxf5 a3 46. Be6 1-0

[Event "Early-Titled-Tuesday-Blitz-January-23-2024"]
[Site "Chess.com"]
[Date "2024.01.23"]
[Round "8"]
[White "Alexchess1984"]
[Black "Indianlad"]
[Result "1-0"]
[WhiteElo "2688"]
[BlackElo "2964"]
[TimeControl "180+1"]
[EndTime "9:28:32 PST"]
[Termination "Alexchess1984 won by checkmate"]

1. e4 e6 2. d4 d5 3. e5 f6 4. Nf3 Bd7 5. c3 c5 6. Be2 Nc6 7. O-O fxe5 8. Nxe5 Nxe5 9. dxe5 Qc7 10. Re1 O-O-O 11. Bf1 Nh6 12. a4 Nf7 13. Na3 a6 14. b4 Kb8 15. Qf3 Be8 16. b5 a5 17.
b6 Qxb6 18. Rb1 Qc7 19. Nb5 Qe7 20. Qg3 h5 21. Bf4 g5 22. Bd2 h4 23. Qe3 Bc6 24.
c4 dxc4 25. Bxa5 h3 26. Bc7+ Qxc7 27. Nxc7 Kxc7 28. a5 Rd4 29. a6 hxg2 30. Bxg2 Rg4 31. Rxb7+ Kc8 32. f3 Rxg2+ 33. Kxg2 Bxb7 34. axb7+ Kxb7 35. Qe4+ Kc7 36. Rb1 Nd8 37. Qxc4 Rh4 38. Qa6 Rb4 39.
Qa7+ Nb7 40. Rd1 Be7 41. Qa6 Rb6 42. Qd3 Bd8 43. Qh7+ Kb8 44. Qd7 c4 45. Rd6 Rb2+ 46. Kg3 Bc7 47. Rc6 Bxe5+ 48. Kg4 c3 49. Rc8+ Ka7 50.
Qa4+ Kb6 51. Rc6# 1-0

[Event "Early-Titled-Tuesday-Blitz-January-23-2024"]
[Site "Chess.com"]
[Date "2024.01.23"]
[Round "8"]
[White "Zheenbekov86"]
[Black "norwaytoadog"]
[Result "0-1"]
[WhiteElo "2471"]
[BlackElo "2299"]
[TimeControl "180+1"]
[EndTime "9:28:32 PST"]
[Termination "norwaytoadog won on time"]

1. d4 d5 2. c4 e6 3. Nf3 Nf6 4. g3 dxc4 5. Bg2 Nc6 6. O-O a6 7. e3 Rb8 8. Nfd2 e5 9. Bxc6+ bxc6 10. dxe5 Ng4 11. Nxc4 Qe7 12. Nbd2 h5 13. h4 Nxe5 14. Nxe5 Qxe5 15. Nc4 Qe4 16. Nd2 Qg6 17. e4 Bg4 18.
Qc2 Be7 19. Nc4 Bxh4 20. Ne5 Qe6 21. Qxc6+ Qxc6 22. Nxc6 Rb6 23. Ne5 Bf6 24. Nxg4 hxg4 25. e5 Bxe5 26. Re1 Re6 27. Kg2 Ke7 28. Be3 Rb8 29. Re2 Rxb2 30. Rxb2 Bxb2 31. Rb1 Be5 32. Rb7 Kd7 33. Rb4 f5 34. Ra4 g6 35. Rc4 Rc6 36. Ra4 Kc8 37. Rb4 a5 38. Rb5 Bc3 39.
Bf4 Bb4 40. Be3 Kd7 41. Re5 Rc2 42. a4 Ra2 43. Bf4 Rxa4 44. Rb5 Ra2 45. Rb7 Bd6 0-1

[Event "Early-Titled-Tuesday-Blitz-January-23-2024"]
[Site "Chess.com"]
[Date "2024.01.23"]
[Round "8"]
[White "AsterPhoenix"]
[Black "Akylbek2021"]
[Result "1-0"]
[WhiteElo "2577"]
[BlackElo "2280"]
[TimeControl "180+1"]
[EndTime "9:28:33 PST"]
[Termination "AsterPhoenix won by resignation"]

1. e4 e6 2. d4 d5 3. Nc3 Bb4 4.
Ne2 c5 5. exd5 exd5 6. a3 Bxc3+ 7. Nxc3 c4 8. Be2 Nf6 9. O-O O-O 10. Bg5 Be6 11. Bf3 Nc6 12. Re1 h6 13. Bxf6 Qxf6 14. Nxd5 Bxd5 15. Bxd5 Nxd4 16. c3 Rad8 17. Bxc4 Ne6 18.
Qf3 Qxf3 19. gxf3 Rd2 20. Re2 Rxe2 21. Bxe2 Nf4 22. Kf1 Re8 23. Re1 a6 24. Bc4 Kf8 25.
Rxe8+ Kxe8 26. Ke1 f6 27. Kd2 Kd7 28. Ke3 g5 29. Ke4 Nh3 30. Kf5 Ke7 31. b4 h5 32.
a4 Nxf2 33. Be2 Nh3 34. Bd3 Nf4 35. Be4 Ne2 36. Bxb7 Nxc3 37. Bxa6 Nxa4 38. b5 Nb6 39. Bb7 Nc4 40. Bc6 Kf7 41. Bd5+ Ke7 42. Bxc4 Kd6 43. Kg6 Ke5 44. Kxh5 f5 45. b6 f4 46. Kxg5 Kd4 47.
Kxf4 Kxc4 48. b7 Kd4 49. b8=Q Kc5 50. Qe5+ 1-0

[Event "Early-Titled-Tuesday-Blitz-January-23-2024"]
[Site "Chess.com"]
[Date "2024.01.23"]
[Round "8"]
[White "ClaudiaSof"]
[Black "Matols"]
[Result "1/2-1/2"]
[WhiteElo "2261"]
[BlackElo "2370"]
[TimeControl "180+1"]
[EndTime "9:28:33 PST"]
[Termination "Game drawn by repetition"]

1. d4 d5 2. Bf4 Nf6 3. e3 c5 4. c3 Nc6 5. Nd2 Bg4 6. Ngf3 e6 7. Qb3 Qc8 8. Ne5 Be7 9. Nxg4 Nxg4 10. Be2 Nf6 11. O-O O-O 12. h3 c4 13. Qc2 b5 14. e4 dxe4 15. Nxe4 Nd5 16. Bh2 h6 17. Rfe1 Rd8 18. a4 a6 19. Bf1 b4 20. Bxc4 bxc3 21. bxc3 Na5 22. Bxd5 Rxd5 23. Rab1 Rxd4 24. Be5 Rd5 25. Bd4 Rxd4 26. Qe2 Rd5 27. Qf3 Nc4 28. Red1 Rxd1+ 29. Rxd1 Rb8 30. Qg3 Rb2 31. Qd3 Ne5 32.
Qg3 Nc4 33. Qd3 g6 34. Qd4 e5 35. Qd3 Kg7 36. Qd5 Rb8 37. Rd3 Nb6 38. Qxe5+ Kh7 39. Qxe7 Qf5 40. Rd1 Nc4 41. Nf6+ Kg7 42. Nd5 Rb2 43.
Qc5 Ne5 44. Qd4 Kh7 45. Re1 Nd3 46. Rf1 Ne5 47. Re1 Rb1 48. Rxb1 Qxb1+ 49. Kh2 Qf5 50. Kg1 Qb1+ 51. Kh2 Qf5 52. Kg1 Qb1+ 1/2-1/2

[Event "Early-Titled-Tuesday-Blitz-January-23-2024"]
[Site "Chess.com"]
[Date "2024.01.23"]
[Round "8"]
[White "jhedigm"]
[Black "Piotrek1979"]
[Result "1-0"]
[WhiteElo "2553"]
[BlackElo "2404"]
[TimeControl "180+1"]
[EndTime "9:28:35 PST"]
[Termination "jhedigm won on time"]

1. c4 d6 2. Nc3 g6 3. g3 Bg7 4. Bg2 c5 5. Nf3 Nc6 6. O-O Nf6 7. a3 O-O 8. Rb1 Qd7 9. b4 Rb8 10. d3 b6 11. Bd2 Bb7 12. e4 e6 13. Qc1 Rfe8 14. Bh6 Bh8 15. b5 Ne5 16. Ne1 Qc7 17.
h3 Ned7 18. a4 Rbc8 19. Kh2 d5 20. Nc2 dxc4 21. dxc4 Ng4+ 22. hxg4 Bxc3 23. Ne3 Bh8 24. Rd1 Nf6 25. Qc2 Rcd8 26. g5 Nd7 27. f4 Bd4 28. Ng4 f5 29. gxf6 Nxf6 30. Nxf6+ Bxf6 31. e5 Be7 32. Bh3 Kf7 33. Qe2 Rxd1 34. Rxd1 Rd8 35. Qg4 Bc8 36.
Bg2 Rd4 37. Rc1 Qd8 38. Rc2 Rd2 39. Rxd2 Qxd2 40. Kh3 Qc2 41. Bg5 Qxc4 42. Bxe7 Kxe7 43. Qh4+ Ke8 44. Qxh7 Qd3 45. Qg8+ Ke7 46. Qg7+ Kd8 47. Qxa7 g5 48. Qxb6+ Ke8 49. Qc6+ Bd7 50. Qe4 1-0